 Dungeon Crawl Stone Soup version 0.26-a0-844-g3dd439832f (webtiles) character file.

Game seed: 15786623501617928357

25226 snetch the Cleaver (level 12, -8/165 HPs)
             Began as a Minotaur Berserker on Nov 18, 2020.
             Was a High Priest of Trog.
             Mangled by a skeletal warrior
             ... wielding a +0 flail
             ... led by a skeletal warrior
              (19 damage)
             ... on level 13 of the Dungeon.
             The game lasted 01:01:56 (14712 turns).

snetch the Cleaver (Minotaur Berserker)            Turns: 14712, Time: 01:01:57

Health: -8/165     AC: 24    Str: 26    XL:     12   Next: 87%
Magic:  0/11       EV: 12    Int:  4    God:    Trog [*****.]
Gold:   1029       SH:  0    Dex: 14    Spells: 11/11 levels left

rFire    . . .     SeeInvis +   a - +3 executioner's axe (flame)
rCold    . . .     Faith    .   (shield currently unavailable)
rNeg     + . .     Spirit   +   J - +5 chain mail of Kuim {rElec}
rPois    .         Reflect  .   (helmet restricted)
rElec    +         Harm     .   T - scarf {+Inv}
rCorr    .         Rampage  .   P - +1 pair of gloves of Disguise {rN+ SInv Stlth-}
MR       .....                  (no boots)
Stlth    ..........             Q - amulet of guardian spirit
HPRegen  0.37/turn              s - ring "Pifu" {Dex+3 Slay+4}
MPRegen  0.12/turn              I - +4 ring of protection

@: berserking, very quick
A: retaliatory headbutt, horns 2
a: Berserk, Trog's Hand, Brothers in Arms, Renounce Religion, Evoke Invisibility


You were on level 13 of the Dungeon.
You worshipped Trog.
Trog was extremely pleased with you.
You visited 2 branches of the dungeon, and saw 14 of its levels.
You also visited: Bailey and Gauntlet.

You collected 1125 gold pieces.
You spent 96 gold pieces at shops.

Inventory:

Hand Weapons
 a - a +3 executioner's axe of flaming (weapon)
 b - the +7 great mace "Tiyczarr" {vorpal, *Slow rC+++ MP-9 Str+6}
   (Trog gifted it to you on level 9 of the Dungeon)

   It inflicts extra damage upon your enemies.
   It affects your strength (+6).
   It renders you almost immune to cold.
   It affects your magic capacity (-9).
   It may slow you when you take damage.
 c - a +2 scythe of venom
 d - the +7 hunting sling of Jifydogh {freeze, rC+}
   (You found it on level 10 of the Dungeon)

   It causes projectiles fired from it to freeze those they strike, causing
   extra injury to most foes and up to half again as much damage against
   particularly susceptible opponents.
   They can also slow down cold-blooded creatures.
   It protects you from cold.
Missiles
 o - 6 poisoned darts (quivered)
 t - 8 curare-tipped darts
 w - 389 stones
 C - 19 silver javelins
 K - 18 javelins
 L - 12 boomerangs
 W - 2 throwing nets
Armour
 J - the +5 chain mail of Kuim (worn) {rElec}
   (You found it on level 8 of the Dungeon)

   It insulates you from electricity.
 P - the +1 pair of gloves of Disguise (worn) {rN+ SInv Stlth-}
   (You found it on level 5 of the Dungeon)

   It protects you from negative energy.
   It lets you see invisible.
   It makes you less stealthy.
 T - a scarf of invisibility (worn)
Jewellery
 g - a +6 ring of intelligence
 s - the ring "Pifu" (left hand) {Dex+3 Slay+4}
   (You found it in a Gauntlet)

   [ring of slaying]

   It affects your dexterity (+3).
   It affects your accuracy and damage with ranged weapons and melee attacks
   (+4).
 H - a +6 ring of strength
 I - a +4 ring of protection (right hand)
 Q - an amulet of guardian spirit (around neck)
 V - an uncursed ring of protection from cold
Wands
 p - a wand of digging (11)
 D - a wand of acid (7)
 E - a wand of polymorph (8)
 G - a wand of iceblast (13)
Scrolls
 e - 6 scrolls of fear {unknown}
 k - 5 scrolls of teleportation
 l - 2 scrolls of remove curse
 n - 4 scrolls of noise {unknown}
 r - a scroll of brand weapon
 y - 9 scrolls of enchant armour {unknown}
 z - 5 scrolls of immolation
 A - a scroll of vulnerability
 B - 2 scrolls of silence
 M - a scroll of magic mapping
 N - 2 scrolls of fog {unknown}
Potions
 f - 3 potions of flight
 h - 2 potions of heal wounds
 j - a potion of might
 m - 2 potions of mutation
 q - 11 potions of curing {unknown}
 u - a potion of ambrosia
 v - 3 potions of haste
 F - 3 potions of lignification
 O - a potion of resistance {unknown}
Miscellaneous
 R - a box of beasts
 U - a condenser vane


   Skills:
 + Level 11.2 Fighting
 + Level 14.0(15.5) Axes
 + Level 3.2(9.9) Maces & Flails
 + Level 11.3(14.1) Polearms
 + Level 1.3 Throwing
 + Level 12.5 Armour
 + Level 6.2 Dodging
 + Level 2.8 Stealth
 - Level 3.2 Shields


You had 11 spell levels left.
You didn't know any spells.
Your spell library contained the following spells:

 Spells                   Type           Power        Failure   Level
 Sting                    Tmut/Pois      #...         94%         1
 Poisonous Vapours        Pois/Air       #.....       98%         2
 Frozen Ramparts          Ice            #.....       100%        3
 Gell's Gravitas          Tloc           #.........   100%        3
 Ignite Poison            Fire/Tmut/Pois #.......     100%        3
 Mephitic Cloud           Conj/Pois/Air  #.......     100%        3
 Teleport Other           Tloc           #.......     100%        3
 Hailstorm                Conj/Ice       #.......     100%        4
 Iskenderun's Mystic Bla  Conj/Tloc      #.......     100%        4
 Leda's Liquefaction      Hex/Erth       #.........   100%        4
 Olgreb's Toxic Radiance  Pois           #.......     100%        4
 Lightning Bolt           Conj/Air       #.........   100%        5
 Metabolic Englaciation   Hex/Ice        #.........   100%        5


Dungeon Overview and Level Annotations

Branches:
Dungeon (13/15)            Temple (1/1) D:6            Lair (0/6) D:11
    Orc (0/2) D:9          Bailey (visited)         Gauntlet (visited)
 Vaults: D:13-14

Altars:
Ashenzari
Cheibriados
Dithmenos
Elyvilon
Fedhas
Gozag
Hepliaklqana
Kikubaaqudgha
Makhleb
Nemelex Xobeh
Okawaru
Qazlal
Ru
Sif Muna
Trog
Uskayaw
Vehumet
Wu Jian
Xom
Yredelemnul
Zin
The Shining One

Shops:
D:8 *   D:10 [

Annotations:
Abyss:1 Erolcha


Innate Abilities, Weirdness & Mutations

You reflexively headbutt those who attack you in melee.
You have a pair of horns on your head.


Message History

Your headbutt misses the skeletal warrior.
The skeletal warrior is lightly damaged.
You closely miss the skeletal warrior. You barely miss the skeletal warrior.
The skeletal warrior hits you with a +0 flail!
* * * LOW HITPOINT WARNING * * *
The skeletal warrior hits you with a +0 trident.
* * * LOW HITPOINT WARNING * * *
The skeletal warrior closely misses you.
You are too berserk!
You hit the skeletal warrior but do no damage.
Your headbutt misses the skeletal warrior.
The skeletal warrior is lightly damaged.
You slash the skeletal warrior! You burn the skeletal warrior.
You feel the power of Trog in you as your rage grows.
You destroy the skeletal warrior!
Trog accepts your kill.
You closely miss the skeletal warrior.
The skeletal warrior closely misses you.
The skeletal warrior hits you with a +0 flail!!
You die...

*,** #......# *,,*
###'##### ######+###
#...# #........#
###.####### #>.......#
#.........#
#........#**#.........#
#........+,,#.........#
#.....z..##,#.....>...#
#....)@.[##.#..........
#....z)..##...........#
#........####.........#
###'###### ####.######
#.# #..# #.# ##.# #.##
#.# #..# ###'#####
####.##########........


You could see 2 skeletal warriors.

Vanquished Creatures
  A minotaur (Gauntlet)
  A death knight (D:10)
  2 two-headed ogres (D:13)
  3 skeletal warriors (D:13)
  A soul eater (Gauntlet)
  2 fire crabs (Gauntlet)
  An unseen horror (D:10)
  An ugly thing (D:13)
  2 cyclopes
  2 centaur zombies
  2 minotaur zombies (Gauntlet)
  2 trolls
  Sigmund (D:4)
  A wraith (D:12)
  9 yaks
  Eustachio (D:9)
  8 fire bats (Gauntlet)
  A basilisk (D:12)
  A hell hound (Gauntlet)
  4 black bears
  19 orc warriors
  A phantom (D:9)
  2 eyes of draining
  5 ice beasts
  3 sky beasts
  9 ogres
  A necrophage (D:10)
  11 centaurs
  A big kobold (D:11)
  Blork the orc (D:9)
  6 bullfrogs
  A gnoll sergeant (D:9)
  A wyvern zombie (D:6)
  6 scorpions
  17 killer bees
  A wight (D:9)
  3 howler monkeys
  4 bullfrog zombies
  13 orc priests
  2 quasits
  7 hounds
  6 centaur skeletons
  4 jellies
  A gnoll shaman (D:7)
  Jessica (D:2)
  2 bullfrog skeletons
  5 iguanas
  Ijyb (D:2)
  11 orc wizards
  12 worker ants
  A killer bee zombie (D:8)
  A hound skeleton (D:8)
  A mummy (D:7)
  A worker ant zombie (D:10)
  13 gnolls
  A howler monkey skeleton (D:4)
  13 adders
  3 shadow imps (Gauntlet)
  4 white imps
  3 ufetubi
  An adder zombie (D:10)
  6 worms
  8 leopard geckos
  70 orcs
  2 ball pythons
  6 giant cockroaches
  13 goblins
  5 hobgoblins
  7 jackals
  13 kobolds
  4 quokkas
  7 bats
  5 frilled lizards
  A giant cockroach zombie (D:5)
  A quokka skeleton (D:4)
  3 rats
396 creatures vanquished.

Vanquished Creatures (others)
  A kobold (D:11)
  A fungus (Gauntlet)
  6 plants (Gauntlet)
8 creatures vanquished.

Grand Total: 404 creatures vanquished

Notes
Turn   | Place    | Note
-------+----------+-------------------------------------------
     0 | D:1      | snetch the Minotaur Berserker began the quest for the Orb.
     0 | D:1      | Reached XP level 1. HP: 19/19 MP: 0/0
   290 | D:1      | Reached XP level 2. HP: 26/27 MP: 1/1
   498 | D:1      | Reached skill level 4 in Axes
   498 | D:1      | Reached XP level 3. HP: 29/33 MP: 2/2
  1128 | D:1      | Reached XP level 4. HP: 41/41 MP: 3/3
  1418 | D:2      | Reached ** piety under Trog
  1510 | D:2      | Noticed Jessica
  1515 | D:2      | Killed Jessica
  1515 | D:2      | Noticed Ijyb
  1531 | D:2      | Reached skill level 5 in Axes
  1533 | D:2      | Killed Ijyb
  1534 | D:2      | Reached skill level 1 in Stealth
  1697 | D:2      | Reached XP level 5. HP: 39/47 MP: 4/4
  2083 | D:3      | Reached skill level 5 in Fighting
  2567 | D:4      | Noticed an ogre
  2569 | D:4      | Noticed an ogre
  2591 | D:3      | Found a faded altar of an unknown god.
  2789 | D:4      | Killed an ogre
  2790 | D:4      | Reached skill level 6 in Axes
  2790 | D:4      | Reached XP level 6. HP: 56/56 MP: 5/5
  2842 | D:4      | Reached *** piety under Trog
  2970 | D:4      | Noticed Sigmund
  2983 | D:4      | Killed Sigmund
  2984 | D:4      | Reached skill level 7 in Axes
  2984 | D:4      | Reached XP level 7. HP: 52/61 MP: 6/6
  3424 | D:5      | Entered Level 5 of the Dungeon
  3439 | D:5      | Reached skill level 1 in Shields
  3740 | D:4      | Reached skill level 5 in Armour
  4027 | D:5      | Reached skill level 8 in Axes
  4027 | D:5      | Reached XP level 8. HP: 68/70 MP: 7/7
  4731 | D:5      | Got a pair of steaming gloves
  4736 | D:5      | Identified the +1 pair of gloves of Disguise {rN+ SInv
                  | Stlth-} (You found it on level 5 of the Dungeon)
  4827 | D:6      | Reached **** piety under Trog
  5378 | D:6      | Reached XP level 9. HP: 77/79 MP: 8/8
  5510 | D:6      | Reached skill level 1 in Maces & Flails
  5659 | D:6      | Found a staircase to the Ecumenical Temple.
  5676 | Temple   | Entered the Ecumenical Temple
  5794 | D:6      | Reached skill level 9 in Axes
  6866 | D:7      | Found a snail-covered altar of Cheibriados.
  7008 | D:8      | Found Kiuwo's General Store.
  7118 | D:8      | Bought a potion of heal wounds for 60 gold pieces
  7118 | D:8      | Bought a potion of lignification for 36 gold pieces
  7193 | D:8      | Reached ***** piety under Trog
  7227 | D:8      | Found a flagged portal.
  7238 | D:8      | Got a spiked chain mail
  7254 | D:8      | Identified the +5 chain mail of Kuim {rElec} (You found it
                  | on level 8 of the Dungeon)
  7264 | Bailey   | Entered a bailey
  7273 | Bailey   | Reached skill level 10 in Axes
  7291 | Bailey   | Reached skill level 1 in Polearms
  7449 | Bailey   | Reached XP level 10. HP: 89/90 MP: 9/9
  7773 | Bailey   | Reached skill level 10 in Armour
  7773 | Bailey   | Reached skill level 5 in Dodging
  8137 | Bailey   | Reached skill level 5 in Polearms
  9455 | D:9      | Found a staircase to the Orcish Mines.
  9592 | D:10     | Entered Level 10 of the Dungeon
  9641 | D:9      | Noticed Eustachio
  9643 | D:9      | Noticed Blork the orc
  9645 | D:9      | Killed Eustachio
  9653 | D:9      | Killed Blork the orc
  9937 | D:9      | Received a gift from Trog
  9946 | D:9      | Reached skill level 11 in Axes
  9948 | D:9      | Got a bloodstained great mace {god gift}
  9949 | D:9      | Identified the +7 great mace "Tiyczarr" {vorpal, *Slow
                  | rC+++ MP-9 Str+6} (Trog gifted it to you on level 9 of the
                  | Dungeon)
 10504 | D:10     | Noticed an unseen horror
 10512 | D:10     | Killed an unseen horror
 10513 | D:10     | Reached XP level 11. HP: 85/97 MP: 10/10
 11037 | D:10     | Got an ebony hunting sling
 11093 | D:10     | Found Etayxur's Antique Armour Emporium.
 11506 | D:10     | Noticed a death knight
 11532 | D:10     | Killed a death knight
 12211 | D:11     | Noticed a two-headed ogre
 12217 | D:11     | Banished a two-headed ogre
 12256 | D:11     | Found a staircase to the Lair.
 12367 | D:12     | Noticed a boulder beetle
 12372 | D:12     | Banished a boulder beetle
 12620 | D:12     | Reached skill level 10 in Fighting
 12852 | D:11     | Reached skill level 10 in Polearms
 12854 | D:11     | Noticed Erolcha
 12857 | D:11     | Banished Erolcha
 12861 | D:11     | Received a gift from Trog
 13237 | D:12     | Reached skill level 1 in Throwing
 13237 | D:12     | Reached XP level 12. HP: 107/107 MP: 11/11
 13279 | D:13     | Noticed a vault guard
 13297 | D:13     | Identified the +7 hunting sling of Jifydogh {freeze, rC+}
                  | (You found it on level 10 of the Dungeon)
 13358 | D:13     | Noticed a vault guard
 13362 | D:13     | Noticed a two-headed ogre
 13366 | D:13     | Killed a two-headed ogre
 13408 | D:13     | Noticed a two-headed ogre
 13411 | D:13     | Killed a two-headed ogre
 13417 | D:13     | Reached skill level 12 in Axes
 13535 | D:13     | Found a gate leading to a gauntlet.
 13553 | Gauntlet | Entered a Gauntlet
 13553 | Gauntlet | Found a transporter.
 13553 | Gauntlet | Found a transporter.
 13563 | Gauntlet | Found a transporter.
 13566 | Gauntlet | Found a transporter.
 13574 | Gauntlet | Found a transporter.
 13577 | Gauntlet | Found a transporter.
 13585 | Gauntlet | Found a transporter.
 13603 | Gauntlet | Found a transporter.
 13609 | Gauntlet | Found a transporter.
 13611 | Gauntlet | Found a transporter.
 13615 | Gauntlet | Noticed a tengu warrior
 13621 | Gauntlet | Found a transporter.
 13670 | Gauntlet | Found a transporter.
 13820 | Gauntlet | Reached skill level 13 in Axes
 14025 | Gauntlet | Got a scintillating silver ring
 14031 | Gauntlet | Identified the Reference Book on Frigorific Stones
 14060 | Gauntlet | Identified the cursed +2 short sword "Ygaybelu" {freeze,
                  | rC+}
 14060 | Gauntlet | Noticed a minotaur
 14073 | Gauntlet | Killed a minotaur
 14085 | Gauntlet | Identified the Collected Works on Gliding Dislocation
 14571 | D:13     | Identified the ring "Pifu" {Dex+3 Slay+4} (You found it in
                  | a Gauntlet)
 14710 | D:13     | Reached skill level 14 in Axes
 14712 | D:13     | Mangled by a skeletal warrior

Illustrated notes

Levels and vault maps discovered:
D:1:      dpeg_arrival_short_road, layout_basic, minmay_tiny_reverse_x
D:2:      kennysheep_the_goblin_king, layout_loops_ring, minivault_24,
          uniq_jessica
D:3:      layout_basic, chequers_ecumenical_altar_grove, st_stairs_13
D:4:      layout_basic, minmay_fractal_squares_5, uniq_sigmund
D:5:      layout_rooms
D:6:      layout_basic, minmay_temple_entry_antechambers
D:7:      layout_basic, slow_altar_2, sigmund_army
D:8:      layout_cave_pools, serial_shops, shop, enter_bailey_3,
          chequers_serial_rivers_micro_b, kennysheep_generic_room_10
D:9:      layout_roguey, david_orc_2, sword_in_stone
D:10:     layout_loops_ring, serial_shops, shop_statue
D:11:     layout_basic, lair_entry_dummy, billiards_dpeg, uniq_erolcha
D:12:     minmay_expanding_circles, layout_irregular_city, basic_altar
D:13:     layout_roguey, grunt_vaults_entry_fortified, gauntlet_entry_generic
Temple:   dpeg_three_leaves_temple

Skill      XL: |  1  2  3  4  5  6  7  8  9 10 11 12 |
---------------+-------------------------------------+-----
Fighting       | 4 5 7 8 9 10 11 | 11.2
Axes           | 4 5 6 7 8 10 11 14 | 14.0
Dodging        | 3 4 5 6 |  6.2
Stealth        | 1 2 |  2.8
Armour         | 3 4 5 7 9 11 12 | 12.5
Shields        | 1 3 |  3.2
Maces & Flails | 3 |  3.2
Polearms       | 1 6 10 11 | 11.3
Throwing       | 1 |  1.3

Action                   |  1- 3 |  4- 6 |  7- 9 | 10-12 || total
-------------------------+-------+-------+-------+-------++-------
Melee: Hand axe          |    55 |   109 |    11 |       ||   175
       Headbutt          |    10 |    17 |    92 |    78 ||   197
       Dagger            |       |       |   309 |       ||   309
       Morningstar       |       |       |    17 |       ||    17
       Battleaxe         |       |       |    52 |       ||    52
       Scythe            |       |       |    39 |    81 ||   120
       Executioner's axe |       |       |       |   174 ||   174
       Trident           |       |       |       |   266 ||   266
Throw: Dart              |       |     1 |       |     1 ||     2
       Boomerang         |       |       |       |     3 ||     3
Invok: Berserk           |       |     4 |     7 |     5 ||    16
       Trog's Hand       |       |     1 |     1 |     2 ||     4
Evoke: Wand              |       |       |       |     1 ||     1
  Use: Scroll            |       |       |    12 |    10 ||    22
 Stab: Sleeping          |       |     2 |       |       ||     2
Armor: Robe              |    16 |    17 |       |       ||    33
       Ring mail         |       |    18 |       |       ||    18
       Plate armour      |       |       |   161 |       ||   161
       Chain mail        |       |       |   144 |   327 ||   471
Dodge: Dodged            |    33 |    56 |   215 |   294 ||   598
Block: Buckler           |     1 |    13 |    40 |       ||    54
       Other             |       |       |       |    37 ||    37
       Reflection        |       |       |       |     1 ||     1

Table legend: (Time is in decaauts)
 A = Elapsed time spent in this place.
 B = Non-inter-level travel time spent in this place.
 C = Inter-level travel time spent in this place.
 D = Time resting spent in this place.
 E = Time spent auto-exploring this place.
 F = Levels seen in this place.
 G = Mean time per level.
                   A        B        C        D        E       F      G
               +--------+--------+--------+--------+--------+-----+--------+
         Total |  15015 |  14193 |    822 |    945 |   8381 |  16 |  938.4 |
       Dungeon |  12674 |  11866 |    808 |    452 |   7358 |  13 |  974.9 |
        Temple |     80 |     66 |     14 |      0 |     65 |   1 |   80.0 |
        Bailey |   1237 |   1237 |      0 |    290 |    374 |   1 | 1237.0 |
      Gauntlet |   1023 |   1023 |      0 |    202 |    583 |   1 | 1023.0 |
               +--------+--------+--------+--------+--------+-----+--------+

Top non-repeatable levels by time:
     D:6: 1472 daAuts
     D:7: 1326 daAuts
     D:1: 1317 daAuts
  Bailey: 1237 daAuts
     D:9: 1223 daAuts
    D:10: 1134 daAuts
     D:2: 1045 daAuts
    D:11: 1041 daAuts
Gauntlet: 1023 daAuts
     D:4: 1019 daAuts
     D:3: 932 daAuts
     D:8: 730 daAuts
     D:5: 642 daAuts
    D:13: 458 daAuts
    D:12: 330 daAuts
